AoeStats
← Huntsky

Golden Pit

510227051Analyzed
1v1 RM · 1d ago on Sep 30, 2026· 39m 5s· 2 players
Game mode
Random Map
Map size
Tiny (2 player)
Population
200
Speed
Normal
Resources
Standard
Victory
Conquest
Starting age
Dark Age
Ending age
Imperial Age
RankedLock teamsTeams togetherTeam positionsShared explorationLock speedFull tech treeHidden civsTurbo modeCheats
Victory
Defeat
🇺🇸 Franks · United States
820
+14
🇺🇸 Slavs · United States
783
-14
thyferra2680
11:12 Feudal Age
9:29 Loom
12:23 Double-Bit Axe
17:15 Horse Collar
17:14 Man-at-Arms
18:44 Gold Mining
18:49 Stone Mining
21:03 Scale Mail Armor
21:09 Scale Barding Armor
21:15 Forging
24:25 Castle Age
24:50 Pikeman
26:45 Squires
29:24 Wheelbarrow
29:50 Chain Mail Armor
30:46 Long Swordsman
32:05 Fletching
33:52 Bodkin Arrow
34:18 Chain Barding Armor
38:16 Detinets
39:21 Gold Shaft Mining
Huntsky
0:43 Loom
10:42 Feudal Age
12:11 Double-Bit Axe
13:14 Scale Barding Armor
17:16 Wheelbarrow
22:19 Castle Age
21:03 Stone Mining
21:05 Gold Mining
23:20 Chain Barding Armor
23:05 Husbandry
23:56 Forging
25:11 Hand Cart
26:36 Fletching
27:23 Iron Casting
27:39 Bow Saw
30:04 Bodkin Arrow
31:02 Scale Mail Armor
31:06 Squires
31:32 Town Watch
33:48 Chain Mail Armor
37:45 Imperial Age
37:53 Cavalier
37:56 Elite Throwing Axeman
39:17 Hoardings
39:31 Chivalry
Connection lost

Rejoining the realm…

Still unreachable

The connection could not be restored.

Session expired

The server has moved on; the page needs a fresh start.